[ PARTIDA AOE2 · #466617561 ]
UnrankedShu vs Burgundians
[ ANÁLISIS DE REPETICIÓN · EXTRAÍDO DE LA PARTIDA GRABADA ]
Feudal
8:45
Castillos
23:54
Imperial
—
| APM promedio | 35.7 |
| APM pico | 72 |
| eAPM promedio | 16.8 |
| Aldeanos / militares | 84 / 76 |
Foco
⚔️ 31.4% · 🌾 68.6%
Archer ×76
Feudal
11:14
Castillos
—
Imperial
—
| APM promedio | 24.3 |
| APM pico | 49 |
| eAPM promedio | 14.3 |
| Aldeanos / militares | 48 / 8 |
Foco
⚔️ 24.3% · 🌾 75.7%
Skirmisher ×6 · Spearman ×2
Feudal
9:37
Castillos
27:05
Imperial
—
| APM promedio | 66.3 |
| APM pico | 114 |
| eAPM promedio | 17.3 |
| Aldeanos / militares | 78 / 72 |
Foco
⚔️ 40.0% · 🌾 60.0%
Archer ×72
Feudal
9:45
Castillos
23:34
Imperial
—
| APM promedio | 29.1 |
| APM pico | 87 |
| eAPM promedio | 10.6 |
| Aldeanos / militares | 62 / 50 |
Foco
⚔️ 26.2% · 🌾 73.8%
Knight ×35 · Scout Cavalry ×8 · Spearman ×7
Feudal
10:23
Castillos
20:44
Imperial
—
| APM promedio | 23.7 |
| APM pico | 51 |
| eAPM promedio | 12.4 |
| Aldeanos / militares | 68 / 42 |
Foco
⚔️ 21.8% · 🌾 78.2%
Camel Scout ×22 · Knight ×20
Feudal
10:07
Castillos
15:49
Imperial
—
| APM promedio | 65.1 |
| APM pico | 178 |
| eAPM promedio | 21.3 |
| Aldeanos / militares | 114 / 66 |
Foco
⚔️ 34.2% · 🌾 65.8%
Fire Lancer ×56 · Battering Ram ×8 · Spearman ×2
Feudal
10:03
Castillos
28:07
Imperial
—
| APM promedio | 17.9 |
| APM pico | 70 |
| eAPM promedio | 9.4 |
| Aldeanos / militares | 47 / 16 |
Foco
⚔️ 17.9% · 🌾 82.1%
Scout Cavalry ×6 · Spearman ×5 · Knight ×4 · Militia ×1
Feudal
10:58
Castillos
24:00
Imperial
—
| APM promedio | 16.3 |
| APM pico | 44 |
| eAPM promedio | 8.9 |
| Aldeanos / militares | 77 / 33 |
Foco
⚔️ 21.1% · 🌾 78.9%
Knight ×24 · Scout Cavalry ×5 · Spearman ×4
Mapa de la partida
Recursos iniciales + cada clic de construcción. Líneas = muros · curvas = relieve. ◆ oro · ⬟ piedra · ● bayas · ✦ reliquia · ◌ hueco del cierre
Tu base· Abierta — hueco de 1t
Base de Glandalf Legland· Abierta — hueco de 10t
Base de [WWW] HelenaPurr· ✓ Cerrada en 27:05 · 48t muro · sin puerta
Base de ViRGuLiNo· Abierta — hueco de 8t
Base de Doggolog· Abierta — flanco sin cerrar
Base de apyrupa_Veloz· Abierta — flanco sin cerrar
Base de Horahlooks· ✓ Cerrada en 28:07 · 53t muro · 1 puerta(s)
Base de apyrupa_NoMercy· Abierta — flanco sin cerrar
Terreno inicial suavizado · ◌ = hueco del cierre detectado · pasá el cursor para detalles
Inputs por minuto
— apyrupa_LimaH - - Glandalf Legland
Build order — apyrupa_LimaH
Primeras 150 de 199 acciones detectadas
| 0:01 | Crear | Villager (Male) |
| 0:01 | Crear | Villager (Male) |
| 0:01 | Crear | Villager (Male) |
| 0:05 | Construir | House |
| 0:08 | Construir | House |
| 0:16 | Crear | Villager (Male) |
| 0:16 | Crear | Villager (Male) |
| 1:29 | Crear | Villager (Male) |
| 1:30 | Crear | Villager (Male) |
| 1:52 | Construir | Lumber Camp |
| 2:10 | Crear | Villager (Male) |
| 2:10 | Crear | Villager (Male) |
| 2:30 | Crear | Villager (Male) |
| 2:31 | Crear | Villager (Male) |
| 2:31 | Crear | Villager (Male) |
| 3:01 | Crear | Villager (Male) |
| 3:04 | Crear | Villager (Male) |
| 3:04 | Crear | Villager (Male) |
| 3:12 | Construir | House |
| 3:59 | Crear | Villager (Male) |
| 3:59 | Crear | Villager (Male) |
| 3:59 | Crear | Villager (Male) |
| 4:08 | Crear | Villager (Male) |
| 4:09 | Crear | Villager (Male) |
| 4:59 | Crear | Villager (Male) |
| 5:16 | Crear | Villager (Male) |
| 5:19 | Construir | Mining Camp |
| 5:23 | Crear | Villager (Male) |
| 5:24 | Investigar | Loom |
| 6:35 | Investigar | Feudal Age |
| 7:37 | Construir | Barracks |
| 8:43 | Crear | Villager (Male) |
| 8:45 | Edad | Edad Feudal |
| 8:48 | Construir | Archery Range |
| 8:54 | Construir | House |
| 8:59 | Crear | Villager (Male) |
| 9:15 | Crear | Villager (Male) |
| 9:17 | Crear | Villager (Male) |
| 9:35 | Construir | House |
| 9:39 | Construir | Archery Range |
| 9:44 | Crear | Villager (Male) |
| 9:51 | Investigar | Double-Bit Axe |
| 10:01 | Crear | Archer |
| 10:17 | Crear | Villager (Male) |
| 10:23 | Construir | House |
| 10:32 | Crear | Villager (Male) |
| 10:42 | Investigar | Gold Mining |
| 10:43 | Crear | Archer ×3 |
| 10:54 | Crear | Villager (Male) |
| 11:20 | Crear | Villager (Male) |
| 11:21 | Crear | Villager (Male) |
| 11:38 | Construir | Blacksmith |
| 11:40 | Crear | Archer ×2 |
| 11:46 | Crear | Villager (Male) |
| 12:10 | Construir | Mill |
| 12:20 | Crear | Archer ×2 |
| 12:31 | Construir | Palisade Wall |
| 12:33 | Construir | House |
| 12:35 | Crear | Villager (Male) |
| 12:39 | Crear | Archer ×2 |
| 13:11 | Construir | House |
| 13:14 | Crear | Archer ×2 |
| 13:19 | Crear | Villager (Male) |
| 13:22 | Crear | Villager (Male) |
| 13:28 | Investigar | Fletching |
| 13:31 | Crear | Archer |
| 13:37 | Construir | House |
| 13:47 | Construir | House |
| 13:57 | Construir | Palisade Wall |
| 13:59 | Crear | Villager (Male) |
| 13:59 | Crear | Villager (Male) |
| 14:07 | Construir | Palisade Wall |
| 14:10 | Crear | Archer ×2 |
| 14:20 | Crear | Archer |
| 14:29 | Crear | Villager (Male) |
| 14:30 | Crear | Villager (Male) |
| 14:33 | Construir | Farm |
| 14:52 | Construir | Farm |
| 14:54 | Crear | Villager (Male) |
| 14:55 | Crear | Villager (Male) |
| 14:58 | Crear | Archer ×2 |
| 15:17 | Construir | House |
| 15:19 | Construir | House |
| 15:31 | Crear | Archer ×2 |
| 15:32 | Crear | Villager (Male) |
| 15:32 | Crear | Villager (Male) |
| 15:33 | Crear | Villager (Male) |
| 15:56 | Crear | Archer |
| 15:57 | Crear | Villager (Male) |
| 16:00 | Crear | Villager (Male) |
| 16:03 | Construir | Farm |
| 16:03 | Construir | Farm |
| 16:03 | Construir | Farm |
| 16:04 | Construir | Farm |
| 16:04 | Construir | Farm |
| 16:19 | Crear | Archer ×2 |
| 17:20 | Crear | Archer ×3 |
| 17:20 | Crear | Villager (Male) |
| 17:21 | Crear | Villager (Male) |
| 17:23 | Crear | Villager (Male) |
| 17:27 | Construir | Farm |
| 17:27 | Construir | Farm |
| 17:27 | Construir | Farm |
| 17:28 | Construir | Farm |
| 17:35 | Construir | Farm |
| 17:40 | Construir | House |
| 18:00 | Crear | Archer ×2 |
| 18:01 | Crear | Villager (Male) |
| 18:19 | Crear | Archer ×2 |
| 18:45 | Crear | Archer |
| 18:45 | Crear | Villager (Male) |
| 18:47 | Crear | Villager (Male) |
| 18:50 | Construir | Farm |
| 18:50 | Construir | Farm |
| 18:50 | Construir | Farm |
| 18:50 | Construir | Farm |
| 18:51 | Construir | Farm |
| 18:57 | Crear | Villager (Male) |
| 19:00 | Investigar | Horse Collar |
| 20:12 | Crear | Archer ×5 |
| 20:37 | Crear | Archer ×2 |
| 20:43 | Crear | Villager (Male) |
| 20:53 | Construir | Lumber Camp |
| 20:56 | Construir | Farm |
| 20:57 | Construir | Farm |
| 20:57 | Construir | Farm |
| 21:08 | Crear | Villager (Male) |
| 21:13 | Investigar | Castle Age |
| 21:19 | Construir | Lumber Camp |
| 21:28 | Crear | Archer |
| 21:36 | Construir | House |
| 21:38 | Construir | House |
| 21:51 | Investigar | Padded Archer Armor |
| 21:53 | Investigar | Wheelbarrow |
| 21:56 | Crear | Archer ×2 |
| 22:39 | Crear | Archer ×3 |
| 22:40 | Crear | Villager (Male) |
| 22:44 | Construir | Farm |
| 22:47 | Construir | House |
| 22:48 | Construir | House |
| 22:49 | Construir | House |
| 23:06 | Crear | Villager (Male) |
| 23:32 | Crear | Archer ×3 |
| 23:48 | Crear | Archer ×2 |
| 23:54 | Edad | Edad de los Castillos |
| 24:16 | Investigar | Crossbowman (upgrade) |
| 25:10 | Crear | Archer ×5 |
| 25:14 | Crear | Villager (Male) |
| 25:20 | Construir | Archery Range |
| 25:27 | Construir | Palisade Gate |
Build order — Glandalf Legland
124 acciones detectadas en el replay
| 0:01 | Crear | Villager (Male) |
| 0:01 | Crear | Villager (Male) |
| 0:02 | Construir | House |
| 0:05 | Construir | House |
| 0:06 | Crear | Villager (Male) |
| 0:14 | Crear | Villager (Male) |
| 1:26 | Crear | Villager (Male) |
| 1:49 | Construir | Lumber Camp |
| 1:50 | Crear | Villager (Male) |
| 2:39 | Crear | Villager (Male) |
| 2:55 | Investigar | Double-Bit Axe |
| 3:08 | Crear | Villager (Male) |
| 3:35 | Crear | Villager (Male) |
| 3:37 | Construir | House |
| 4:02 | Construir | Palisade Wall |
| 4:15 | Crear | Villager (Male) |
| 4:42 | Crear | Villager (Male) |
| 4:49 | Construir | Mill |
| 5:11 | Crear | Villager (Male) |
| 5:21 | Crear | Villager (Male) |
| 6:05 | Crear | Villager (Male) |
| 6:11 | Construir | House |
| 6:25 | Crear | Villager (Male) |
| 6:35 | Construir | Mill |
| 6:41 | Construir | Palisade Wall |
| 6:46 | Crear | Villager (Male) |
| 7:20 | Crear | Villager (Male) |
| 7:39 | Construir | Palisade Wall |
| 7:43 | Crear | Villager (Male) |
| 7:56 | Construir | House |
| 7:58 | Construir | Palisade Wall |
| 8:00 | Crear | Villager (Male) |
| 8:17 | Investigar | Loom |
| 8:39 | Construir | House |
| 8:59 | Investigar | Wheelbarrow |
| 9:04 | Investigar | Feudal Age |
| 9:22 | Construir | Barracks |
| 10:01 | Construir | House |
| 10:23 | Construir | Palisade Gate |
| 10:56 | Construir | Palisade Wall |
| 10:59 | Construir | Palisade Wall |
| 11:14 | Edad | Edad Feudal |
| 11:20 | Construir | Archery Range |
| 11:26 | Crear | Villager (Male) |
| 11:58 | Crear | Villager (Male) |
| 12:14 | Construir | House |
| 12:15 | Crear | Skirmisher |
| 12:16 | Crear | Skirmisher |
| 12:29 | Construir | Mining Camp |
| 12:39 | Crear | Villager (Male) |
| 13:01 | Construir | House |
| 13:05 | Construir | House |
| 13:06 | Crear | Spearman |
| 13:07 | Crear | Spearman |
| 13:11 | Construir | Palisade Wall |
| 13:21 | Crear | Villager (Male) |
| 13:26 | Construir | Mining Camp |
| 13:45 | Construir | House |
| 13:47 | Construir | Palisade Wall |
| 13:56 | Construir | Farm |
| 13:56 | Construir | Farm |
| 13:57 | Construir | Farm |
| 13:57 | Construir | Farm |
| 13:57 | Construir | Farm |
| 14:06 | Crear | Villager (Male) |
| 14:06 | Crear | Villager (Male) |
| 14:30 | Construir | Farm |
| 14:30 | Construir | Farm |
| 14:31 | Construir | Farm |
| 14:31 | Construir | Farm |
| 14:31 | Construir | Farm |
| 14:33 | Crear | Villager (Male) |
| 14:36 | Investigar | Horse Collar |
| 14:38 | Crear | Villager (Male) |
| 14:53 | Construir | Farm |
| 14:53 | Construir | Farm |
| 14:53 | Construir | Farm |
| 14:54 | Construir | Farm |
| 14:54 | Construir | Farm |
| 15:02 | Crear | Villager (Male) |
| 15:08 | Construir | Farm |
| 15:10 | Crear | Villager (Male) |
| 15:26 | Construir | Farm |
| 15:26 | Construir | Farm |
| 15:27 | Construir | Farm |
| 15:27 | Construir | Farm |
| 15:27 | Construir | Farm |
| 15:31 | Crear | Villager (Male) |
| 15:48 | Crear | Villager (Male) |
| 16:03 | Construir | Lumber Camp |
| 16:04 | Crear | Villager (Male) |
| 16:17 | Construir | Farm |
| 16:18 | Construir | Farm |
| 16:29 | Crear | Villager (Male) |
| 16:54 | Construir | Blacksmith |
| 16:57 | Crear | Villager (Male) |
| 17:20 | Investigar | Town Watch |
| 17:25 | Crear | Villager (Male) |
| 17:33 | Crear | Villager (Male) |
| 17:52 | Construir | Stable |
| 18:03 | Crear | Villager (Male) |
| 18:20 | Construir | Archery Range |
| 18:26 | Crear | Villager (Male) |
| 18:41 | Construir | Market |
| 18:54 | Investigar | Fletching |
| 19:02 | Construir | Archery Range |
| 19:05 | Crear | Villager (Male) |
| 19:14 | Crear | Villager (Male) |
| 19:19 | Crear | Skirmisher |
| 19:20 | Crear | Skirmisher |
| 19:20 | Crear | Skirmisher |
| 19:21 | Crear | Skirmisher |
| 19:22 | Crear | Villager (Male) |
| 19:56 | Construir | Barracks |
| 19:57 | Crear | Villager (Male) |
| 20:18 | Crear | Villager (Male) |
| 20:19 | Crear | Villager (Male) |
| 20:49 | Construir | Farm |
| 20:51 | Crear | Villager (Male) |
| 21:17 | Crear | Villager (Male) |
| 21:17 | Crear | Villager (Male) |
| 21:50 | Construir | Barracks |
| 21:52 | Investigar | Man-at-Arms (upgrade) |
| 22:23 | Crear | Villager (Male) |
Build order — [WWW] HelenaPurr
Primeras 150 de 226 acciones detectadas
| 0:00 | Crear | Villager (Male) |
| 0:00 | Crear | Villager (Male) |
| 0:01 | Crear | Villager (Male) |
| 0:01 | Crear | Villager (Male) |
| 0:01 | Crear | Villager (Male) |
| 0:03 | Construir | House |
| 0:05 | Construir | House |
| 1:31 | Crear | Villager (Male) |
| 1:31 | Crear | Villager (Male) |
| 2:03 | Crear | Villager (Male) |
| 2:03 | Crear | Villager (Male) |
| 2:03 | Crear | Villager (Male) |
| 2:03 | Crear | Villager (Male) |
| 2:03 | Crear | Villager (Male) |
| 2:03 | Crear | Villager (Male) |
| 2:32 | Crear | Villager (Male) |
| 2:32 | Crear | Villager (Male) |
| 2:32 | Crear | Villager (Male) |
| 2:32 | Crear | Villager (Male) |
| 2:32 | Crear | Villager (Male) |
| 2:32 | Crear | Villager (Male) |
| 2:32 | Crear | Villager (Male) |
| 2:32 | Crear | Villager (Male) |
| 2:32 | Crear | Villager (Male) |
| 2:32 | Crear | Villager (Male) |
| 2:42 | Construir | Lumber Camp |
| 2:47 | Crear | Villager (Male) |
| 2:47 | Crear | Villager (Male) |
| 2:47 | Crear | Villager (Male) |
| 2:47 | Crear | Villager (Male) |
| 2:47 | Crear | Villager (Male) |
| 2:48 | Crear | Villager (Male) |
| 2:48 | Crear | Villager (Male) |
| 3:04 | Construir | House |
| 3:24 | Crear | Villager (Male) |
| 3:24 | Crear | Villager (Male) |
| 3:24 | Crear | Villager (Male) |
| 3:24 | Crear | Villager (Male) |
| 3:24 | Crear | Villager (Male) |
| 3:24 | Crear | Villager (Male) |
| 3:24 | Crear | Villager (Male) |
| 3:24 | Crear | Villager (Male) |
| 4:01 | Crear | Villager (Male) |
| 4:01 | Crear | Villager (Male) |
| 4:21 | Crear | Villager (Male) |
| 4:21 | Crear | Villager (Male) |
| 4:44 | Crear | Villager (Male) |
| 4:44 | Crear | Villager (Male) |
| 4:44 | Crear | Villager (Male) |
| 5:15 | Construir | Mill |
| 5:32 | Crear | Villager (Male) |
| 5:32 | Crear | Villager (Male) |
| 5:37 | Crear | Villager (Male) |
| 5:37 | Crear | Villager (Male) |
| 6:33 | Investigar | Loom |
| 7:27 | Investigar | Feudal Age |
| 8:02 | Construir | House |
| 8:10 | Construir | Barracks |
| 8:15 | Construir | Palisade Wall |
| 9:12 | Crear | Villager (Male) |
| 9:12 | Crear | Villager (Male) |
| 9:37 | Edad | Edad Feudal |
| 9:40 | Construir | Archery Range |
| 9:43 | Investigar | Double-Bit Axe |
| 9:54 | Crear | Villager (Male) |
| 9:54 | Crear | Villager (Male) |
| 10:09 | Construir | House |
| 10:14 | Construir | Mining Camp |
| 10:20 | Construir | Mining Camp |
| 10:28 | Crear | Archer |
| 10:30 | Crear | Villager (Male) |
| 10:30 | Crear | Villager (Male) |
| 10:52 | Construir | Blacksmith |
| 10:53 | Construir | House |
| 10:57 | Construir | House |
| 11:02 | Construir | Palisade Wall |
| 11:20 | Crear | Archer |
| 11:28 | Crear | Villager (Male) |
| 11:28 | Crear | Villager (Male) |
| 11:42 | Construir | Archery Range |
| 11:50 | Crear | Villager (Male) |
| 11:50 | Crear | Villager (Male) |
| 11:57 | Crear | Archer |
| 11:57 | Crear | Archer |
| 12:20 | Construir | House |
| 12:37 | Construir | Watch Tower |
| 12:43 | Construir | Lumber Camp |
| 12:45 | Crear | Villager (Male) |
| 12:45 | Crear | Villager (Male) |
| 12:47 | Crear | Archer |
| 12:47 | Crear | Archer |
| 12:47 | Crear | Archer |
| 12:52 | Construir | House |
| 12:55 | Construir | Palisade Wall |
| 13:11 | Construir | Palisade Wall |
| 13:22 | Crear | Villager (Male) |
| 13:22 | Crear | Villager (Male) |
| 13:52 | Construir | Palisade Wall |
| 13:56 | Construir | House |
| 14:00 | Construir | Palisade Wall |
| 14:03 | Construir | House |
| 14:04 | Construir | Palisade Wall |
| 14:12 | Crear | Archer |
| 14:16 | Crear | Archer |
| 14:17 | Crear | Archer |
| 14:19 | Investigar | Fletching |
| 14:29 | Construir | Farm |
| 14:29 | Construir | Farm |
| 14:44 | Crear | Archer |
| 14:44 | Crear | Archer |
| 15:01 | Construir | Mining Camp |
| 15:04 | Crear | Villager (Male) |
| 15:04 | Crear | Villager (Male) |
| 15:06 | Crear | Archer |
| 15:15 | Construir | Farm |
| 15:26 | Construir | House |
| 15:41 | Crear | Archer |
| 15:41 | Crear | Archer |
| 15:51 | Construir | Farm |
| 15:54 | Crear | Villager (Male) |
| 15:54 | Crear | Villager (Male) |
| 16:08 | Crear | Archer |
| 16:08 | Crear | Archer |
| 16:09 | Crear | Archer |
| 16:15 | Construir | Palisade Wall |
| 16:17 | Construir | House |
| 16:21 | Construir | House |
| 16:25 | Construir | Palisade Wall |
| 16:28 | Construir | Palisade Wall |
| 16:58 | Crear | Archer |
| 16:58 | Crear | Archer |
| 16:59 | Crear | Archer |
| 16:59 | Crear | Archer |
| 17:23 | Crear | Archer |
| 17:23 | Crear | Archer |
| 17:23 | Crear | Archer |
| 17:37 | Construir | House |
| 17:43 | Construir | Stone Wall |
| 17:47 | Crear | Archer |
| 17:56 | Construir | Farm |
| 18:01 | Construir | Palisade Wall |
| 18:02 | Construir | Palisade Wall |
| 18:03 | Construir | Palisade Wall |
| 18:06 | Construir | House |
| 18:10 | Crear | Archer |
| 18:10 | Crear | Archer |
| 18:10 | Crear | Archer |
| 18:15 | Construir | House |
| 18:20 | Crear | Villager (Male) |
| 18:20 | Crear | Villager (Male) |
Build order — ViRGuLiNo
Primeras 150 de 190 acciones detectadas
| 0:01 | Crear | Villager (Male) |
| 0:01 | Crear | Villager (Male) |
| 0:04 | Construir | House |
| 0:06 | Construir | House |
| 0:07 | Crear | Villager (Male) |
| 0:19 | Crear | Villager (Male) |
| 1:27 | Crear | Villager (Male) |
| 1:54 | Crear | Villager (Male) |
| 2:02 | Construir | Lumber Camp |
| 2:25 | Crear | Villager (Male) |
| 2:56 | Crear | Villager (Male) |
| 3:07 | Crear | Villager (Male) |
| 3:41 | Crear | Villager (Male) |
| 3:53 | Construir | House |
| 3:55 | Construir | House |
| 4:00 | Crear | Villager (Male) |
| 4:20 | Crear | Villager (Male) |
| 4:22 | Crear | Villager (Male) |
| 4:31 | Construir | Mill |
| 5:22 | Crear | Villager (Male) |
| 5:43 | Crear | Villager (Male) |
| 6:05 | Crear | Villager (Male) |
| 6:25 | Investigar | Loom |
| 7:01 | Crear | Villager (Male) |
| 7:35 | Investigar | Feudal Age |
| 8:40 | Construir | Barracks |
| 9:07 | Construir | House |
| 9:30 | Crear | Villager (Male) |
| 9:32 | Crear | Villager (Male) |
| 9:45 | Edad | Edad Feudal |
| 9:56 | Construir | Stable |
| 10:30 | Crear | Villager (Male) |
| 10:38 | Crear | Villager (Male) |
| 10:48 | Construir | House |
| 10:50 | Crear | Scout Cavalry |
| 10:50 | Crear | Scout Cavalry |
| 10:51 | Crear | Scout Cavalry |
| 11:02 | Construir | Palisade Wall |
| 11:05 | Crear | Villager (Male) |
| 11:10 | Investigar | Double-Bit Axe |
| 11:23 | Investigar | Horse Collar |
| 11:24 | Crear | Villager (Male) |
| 11:28 | Crear | Scout Cavalry |
| 11:52 | Construir | House |
| 12:00 | Crear | Scout Cavalry |
| 12:17 | Construir | Farm |
| 12:21 | Construir | Farm |
| 12:27 | Crear | Villager (Male) |
| 12:28 | Crear | Villager (Male) |
| 12:31 | Crear | Scout Cavalry |
| 12:43 | Construir | Farm |
| 12:46 | Construir | Farm |
| 12:54 | Construir | Farm |
| 12:56 | Crear | Villager (Male) |
| 13:47 | Crear | Villager (Male) |
| 13:49 | Construir | Farm |
| 13:51 | Crear | Spearman |
| 13:51 | Crear | Spearman |
| 13:52 | Crear | Spearman |
| 13:55 | Crear | Spearman |
| 13:58 | Construir | House |
| 14:00 | Construir | House |
| 14:03 | Construir | Farm |
| 14:05 | Construir | Farm |
| 14:08 | Construir | Farm |
| 14:11 | Crear | Scout Cavalry |
| 14:11 | Crear | Scout Cavalry |
| 14:25 | Crear | Villager (Male) |
| 14:27 | Construir | Farm |
| 14:31 | Construir | House |
| 14:34 | Construir | Farm |
| 14:38 | Crear | Villager (Male) |
| 15:30 | Crear | Villager (Male) |
| 15:31 | Crear | Villager (Male) |
| 15:33 | Construir | Farm |
| 15:36 | Construir | Farm |
| 15:40 | Construir | Farm |
| 15:42 | Construir | House |
| 15:46 | Construir | Farm |
| 16:47 | Crear | Villager (Male) |
| 16:50 | Crear | Villager (Male) |
| 16:53 | Crear | Villager (Male) |
| 16:54 | Crear | Villager (Male) |
| 16:58 | Construir | Farm |
| 17:01 | Construir | Farm |
| 17:04 | Construir | Farm |
| 17:07 | Construir | Farm |
| 17:10 | Construir | House |
| 17:13 | Construir | Blacksmith |
| 17:33 | Crear | Villager (Male) |
| 17:37 | Construir | Mining Camp |
| 17:39 | Crear | Villager (Male) |
| 17:51 | Crear | Villager (Male) |
| 19:43 | Crear | Villager (Male) |
| 19:45 | Crear | Villager (Male) |
| 19:47 | Crear | Spearman |
| 19:47 | Crear | Spearman |
| 19:47 | Crear | Spearman |
| 19:52 | Construir | House |
| 19:57 | Construir | Stable |
| 19:59 | Construir | Stable |
| 20:54 | Investigar | Castle Age |
| 21:05 | Construir | Farm |
| 21:11 | Investigar | Wheelbarrow |
| 21:15 | Investigar | Gold Mining |
| 21:23 | Construir | Mining Camp |
| 21:28 | Construir | House |
| 21:50 | Construir | House |
| 21:53 | Construir | House |
| 21:54 | Construir | House |
| 22:01 | Investigar | Bloodlines |
| 22:03 | Investigar | Scale Barding Armor |
| 22:28 | Construir | Farm |
| 22:43 | Construir | Lumber Camp |
| 23:21 | Construir | Farm |
| 23:34 | Edad | Edad de los Castillos |
| 23:41 | Construir | Farm |
| 23:54 | Construir | Town Center |
| 24:08 | Crear | Knight |
| 24:08 | Crear | Knight |
| 24:09 | Crear | Knight |
| 24:10 | Crear | Knight |
| 24:10 | Crear | Knight |
| 24:11 | Crear | Knight |
| 24:12 | Crear | Knight |
| 24:12 | Crear | Knight |
| 24:13 | Crear | Knight |
| 24:13 | Crear | Knight |
| 24:13 | Crear | Knight |
| 24:14 | Crear | Knight |
| 24:15 | Crear | Villager (Male) |
| 24:31 | Construir | Town Center |
| 24:39 | Crear | Villager (Male) |
| 24:40 | Crear | Villager (Male) |
| 24:46 | Crear | Knight |
| 24:47 | Crear | Knight |
| 25:14 | Crear | Villager (Male) |
| 25:15 | Crear | Villager (Male) |
| 25:19 | Crear | Villager (Male) |
| 25:23 | Crear | Knight |
| 25:41 | Crear | Villager (Male) |
| 25:57 | Crear | Knight |
| 26:01 | Crear | Knight |
| 26:04 | Investigar | Chain Barding Armor |
| 26:16 | Crear | Villager (Male) |
| 26:18 | Construir | Farm |
| 26:26 | Crear | Villager (Male) |
| 26:27 | Crear | Villager (Male) |
| 26:28 | Crear | Villager (Male) |
| 26:30 | Crear | Villager (Male) |
Build order — Doggolog
150 acciones detectadas en el replay
| 0:02 | Crear | Villager (Male) |
| 0:02 | Crear | Villager (Male) |
| 0:02 | Crear | Villager (Male) |
| 0:03 | Crear | Villager (Male) |
| 0:04 | Construir | House |
| 0:06 | Construir | House |
| 1:43 | Crear | Villager (Male) |
| 1:43 | Crear | Villager (Male) |
| 2:10 | Crear | Villager (Male) |
| 2:10 | Crear | Villager (Male) |
| 2:10 | Crear | Villager (Male) |
| 2:30 | Crear | Villager (Male) |
| 2:31 | Crear | Villager (Male) |
| 2:52 | Crear | Villager (Male) |
| 2:52 | Crear | Villager (Male) |
| 3:18 | Crear | Villager (Male) |
| 3:18 | Crear | Villager (Male) |
| 3:23 | Crear | Villager (Male) |
| 3:24 | Crear | Villager (Male) |
| 3:57 | Construir | House |
| 3:59 | Construir | House |
| 4:07 | Crear | Villager (Male) |
| 4:07 | Crear | Villager (Male) |
| 4:07 | Crear | Villager (Male) |
| 4:28 | Construir | House |
| 4:56 | Crear | Villager (Male) |
| 4:56 | Crear | Villager (Male) |
| 5:48 | Crear | Villager (Male) |
| 5:48 | Crear | Villager (Male) |
| 5:48 | Crear | Villager (Male) |
| 5:49 | Crear | Villager (Male) |
| 5:49 | Crear | Villager (Male) |
| 5:49 | Crear | Villager (Male) |
| 5:53 | Construir | Mill |
| 6:07 | Crear | Villager (Male) |
| 6:07 | Crear | Villager (Male) |
| 6:07 | Crear | Villager (Male) |
| 6:23 | Construir | House |
| 6:53 | Construir | Lumber Camp |
| 7:03 | Investigar | Loom |
| 8:11 | Investigar | Feudal Age |
| 10:20 | Crear | Villager (Male) ×5 |
| 10:23 | Edad | Edad Feudal |
| 10:26 | Construir | Town Center |
| 12:00 | Crear | Villager (Male) ×5 |
| 12:17 | Construir | Market |
| 12:22 | Crear | Villager (Male) |
| 12:23 | Crear | Villager (Male) |
| 12:23 | Crear | Villager (Male) |
| 12:35 | Crear | Villager (Male) |
| 12:35 | Crear | Villager (Male) |
| 12:38 | Crear | Villager (Male) |
| 12:48 | Construir | Mining Camp |
| 13:14 | Crear | Villager (Male) |
| 13:18 | Investigar | Double-Bit Axe |
| 13:43 | Construir | Blacksmith |
| 13:54 | Construir | Farm |
| 13:56 | Construir | Farm |
| 14:01 | Crear | Villager (Male) |
| 14:06 | Crear | Villager (Male) |
| 14:11 | Construir | Farm |
| 14:13 | Investigar | Horse Collar |
| 14:28 | Construir | House |
| 14:38 | Construir | Farm |
| 14:45 | Construir | House |
| 14:56 | Construir | Farm |
| 14:58 | Construir | Farm |
| 15:01 | Construir | Farm |
| 15:07 | Construir | Farm |
| 15:13 | Construir | Farm |
| 15:19 | Construir | House |
| 15:22 | Construir | Farm |
| 15:24 | Crear | Villager (Male) |
| 15:29 | Construir | Farm |
| 15:29 | Crear | Villager (Male) |
| 15:31 | Crear | Villager (Male) |
| 15:32 | Crear | Villager (Male) |
| 15:33 | Crear | Villager (Male) |
| 15:35 | Crear | Villager (Male) |
| 15:35 | Crear | Villager (Male) |
| 15:35 | Crear | Villager (Male) |
| 15:36 | Crear | Villager (Male) |
| 15:41 | Construir | House |
| 15:51 | Construir | House |
| 15:53 | Construir | Palisade Gate |
| 16:08 | Construir | Farm |
| 16:18 | Construir | Farm |
| 16:21 | Construir | Barracks |
| 16:29 | Construir | Farm |
| 17:19 | Construir | Stable |
| 17:23 | Construir | Stable |
| 17:28 | Construir | Farm |
| 17:31 | Construir | Farm |
| 17:34 | Construir | Palisade Wall |
| 18:04 | Investigar | Castle Age |
| 18:26 | Construir | Palisade Gate |
| 18:40 | Construir | Lumber Camp |
| 18:45 | Investigar | Wheelbarrow |
| 19:07 | Construir | Stable |
| 19:07 | Construir | Stable |
| 19:08 | Construir | Stable |
| 19:13 | Construir | Palisade Gate |
| 19:27 | Investigar | Fletching |
| 19:27 | Investigar | Fletching |
| 19:40 | Construir | Palisade Gate |
| 19:50 | Construir | Farm |
| 19:51 | Construir | Farm |
| 20:42 | Construir | Farm |
| 20:43 | Construir | Farm |
| 20:44 | Edad | Edad de los Castillos |
| 20:52 | Crear | Camel Scout ×2 |
| 20:52 | Crear | Camel Scout ×2 |
| 21:00 | Investigar | Bloodlines |
| 21:14 | Construir | Farm |
| 21:34 | Crear | Villager (Male) |
| 21:34 | Crear | Villager (Male) |
| 21:38 | Crear | Villager (Male) |
| 21:38 | Crear | Villager (Male) |
| 22:04 | Construir | Watch Tower |
| 22:12 | Crear | Knight |
| 22:47 | Crear | Knight ×5 |
| 22:47 | Crear | Knight ×5 |
| 22:47 | Crear | Knight ×5 |
| 23:42 | Investigar | Forging |
| 25:01 | Crear | Knight ×2 |
| 25:01 | Crear | Knight ×2 |
| 25:23 | Construir | Mill |
| 25:26 | Crear | Villager (Male) ×3 |
| 26:14 | Investigar | Scale Barding Armor |
| 26:24 | Investigar | Heavy Plow |
| 26:40 | Crear | Villager (Male) |
| 26:54 | Construir | Farm |
| 27:04 | Crear | Camel Scout ×3 |
| 27:04 | Crear | Camel Scout ×3 |
| 27:30 | Construir | Mill |
| 27:31 | Construir | Farm |
| 27:31 | Construir | Farm |
| 27:38 | Construir | Farm |
| 27:38 | Construir | Farm |
| 27:38 | Construir | Farm |
| 27:38 | Construir | Farm |
| 27:39 | Construir | Farm |
| 27:46 | Crear | Villager (Male) |
| 27:53 | Construir | Lumber Camp |
| 28:05 | Crear | Camel Scout ×5 |
| 28:05 | Crear | Camel Scout ×5 |
| 28:21 | Construir | Farm |
| 28:23 | Construir | Farm |
| 28:33 | Crear | Camel Scout |
| 28:33 | Crear | Camel Scout |
Build order — apyrupa_Veloz
Primeras 150 de 243 acciones detectadas
| 0:01 | Crear | Villager (Male) |
| 0:01 | Crear | Villager (Male) |
| 0:01 | Crear | Villager (Male) |
| 0:02 | Crear | Villager (Male) |
| 0:02 | Crear | Villager (Male) |
| 0:05 | Construir | House |
| 0:09 | Construir | House |
| 1:25 | Crear | Villager (Male) |
| 1:26 | Crear | Villager (Male) |
| 1:49 | Crear | Villager (Male) |
| 1:49 | Crear | Villager (Male) |
| 2:26 | Crear | Villager (Male) |
| 2:27 | Crear | Villager (Male) |
| 2:45 | Construir | House |
| 2:52 | Crear | Villager (Male) |
| 2:53 | Crear | Villager (Male) |
| 2:54 | Crear | Villager (Male) |
| 2:54 | Crear | Villager (Male) |
| 3:42 | Crear | Villager (Male) |
| 3:44 | Crear | Villager (Male) |
| 3:44 | Crear | Villager (Male) |
| 3:44 | Crear | Villager (Male) |
| 4:20 | Crear | Villager (Male) |
| 4:20 | Crear | Villager (Male) |
| 4:20 | Crear | Villager (Male) |
| 4:20 | Crear | Villager (Male) |
| 4:30 | Crear | Villager (Male) |
| 4:30 | Crear | Villager (Male) |
| 4:30 | Crear | Villager (Male) |
| 4:46 | Crear | Villager (Male) |
| 4:47 | Crear | Villager (Male) |
| 4:47 | Crear | Villager (Male) |
| 4:47 | Crear | Villager (Male) |
| 4:59 | Construir | Lumber Camp |
| 5:11 | Crear | Villager (Male) |
| 5:12 | Crear | Villager (Male) |
| 5:21 | Crear | Villager (Male) |
| 5:22 | Crear | Villager (Male) |
| 5:22 | Crear | Villager (Male) |
| 5:38 | Construir | House |
| 5:45 | Crear | Villager (Male) |
| 5:45 | Crear | Villager (Male) |
| 5:46 | Crear | Villager (Male) |
| 6:14 | Crear | Villager (Male) |
| 6:15 | Crear | Villager (Male) |
| 6:15 | Crear | Villager (Male) |
| 6:15 | Crear | Villager (Male) |
| 6:16 | Crear | Villager (Male) |
| 6:16 | Crear | Villager (Male) |
| 6:16 | Crear | Villager (Male) |
| 6:32 | Crear | Villager (Male) |
| 6:32 | Crear | Villager (Male) |
| 6:50 | Crear | Villager (Male) |
| 6:50 | Crear | Villager (Male) |
| 6:50 | Crear | Villager (Male) |
| 7:10 | Construir | Mill |
| 7:15 | Crear | Villager (Male) |
| 7:15 | Crear | Villager (Male) |
| 7:15 | Crear | Villager (Male) |
| 7:26 | Investigar | Loom |
| 7:43 | Investigar | Feudal Age |
| 8:18 | Crear | Villager (Male) |
| 8:18 | Crear | Villager (Male) |
| 8:50 | Crear | Villager (Male) |
| 8:50 | Crear | Villager (Male) |
| 9:20 | Crear | Villager (Male) |
| 9:21 | Crear | Villager (Male) |
| 9:22 | Crear | Villager (Male) |
| 9:38 | Construir | House |
| 9:40 | Construir | Barracks |
| 10:07 | Edad | Edad Feudal |
| 10:23 | Crear | Villager (Male) |
| 10:23 | Crear | Villager (Male) |
| 10:23 | Crear | Villager (Male) |
| 10:24 | Crear | Villager (Male) |
| 10:30 | Construir | Mining Camp |
| 10:50 | Crear | Villager (Male) |
| 10:58 | Crear | Villager (Male) |
| 10:59 | Crear | Villager (Male) |
| 10:59 | Crear | Villager (Male) |
| 11:05 | Crear | Villager (Male) |
| 11:05 | Crear | Villager (Male) |
| 11:16 | Crear | Villager (Male) |
| 11:19 | Crear | Villager (Male) |
| 11:26 | Crear | Spearman |
| 11:41 | Construir | Market |
| 12:10 | Crear | Villager (Male) |
| 12:11 | Crear | Villager (Male) |
| 12:20 | Construir | Blacksmith |
| 12:30 | Crear | Villager (Male) |
| 12:56 | Crear | Villager (Male) |
| 12:57 | Crear | Villager (Male) |
| 13:04 | Crear | Villager (Male) |
| 13:09 | Investigar | Castle Age |
| 13:39 | Crear | Spearman |
| 14:18 | Construir | House |
| 14:50 | Construir | Farm |
| 14:51 | Construir | Farm |
| 14:52 | Construir | Farm |
| 14:57 | Crear | Villager (Male) |
| 14:58 | Crear | Villager (Male) |
| 15:42 | Investigar | Double-Bit Axe |
| 15:42 | Investigar | Double-Bit Axe |
| 15:49 | Edad | Edad de los Castillos |
| 15:55 | Crear | Fire Lancer |
| 15:56 | Crear | Fire Lancer |
| 16:03 | Crear | Villager (Male) |
| 16:04 | Crear | Villager (Male) |
| 16:27 | Crear | Fire Lancer |
| 16:27 | Crear | Fire Lancer |
| 16:49 | Construir | Siege Workshop |
| 16:53 | Crear | Fire Lancer |
| 16:53 | Crear | Fire Lancer |
| 17:02 | Construir | House |
| 17:16 | Crear | Fire Lancer |
| 17:17 | Crear | Fire Lancer |
| 17:30 | Construir | Lumber Camp |
| 17:31 | Crear | Villager (Male) |
| 17:59 | Investigar | Bow Saw |
| 18:09 | Crear | Battering Ram |
| 18:10 | Crear | Battering Ram |
| 18:14 | Construir | House |
| 18:27 | Crear | Villager (Male) |
| 18:28 | Crear | Villager (Male) |
| 18:31 | Crear | Villager (Male) |
| 18:31 | Crear | Villager (Male) |
| 18:39 | Construir | Farm |
| 18:40 | Construir | Farm |
| 18:50 | Investigar | Scale Mail Armor |
| 19:03 | Construir | House |
| 19:15 | Investigar | Arson |
| 19:43 | Crear | Battering Ram |
| 19:43 | Crear | Battering Ram |
| 20:24 | Crear | Fire Lancer |
| 20:24 | Crear | Fire Lancer |
| 20:25 | Crear | Fire Lancer |
| 20:25 | Crear | Fire Lancer |
| 20:25 | Crear | Fire Lancer |
| 20:29 | Construir | House |
| 20:32 | Construir | House |
| 21:14 | Crear | Fire Lancer |
| 21:14 | Crear | Fire Lancer |
| 21:14 | Crear | Fire Lancer |
| 21:15 | Crear | Fire Lancer |
| 21:43 | Crear | Fire Lancer |
| 21:43 | Crear | Fire Lancer |
| 21:45 | Crear | Battering Ram |
| 21:45 | Crear | Battering Ram |
| 22:14 | Crear | Fire Lancer |
| 22:15 | Crear | Fire Lancer |
Build order — Horahlooks
135 acciones detectadas en el replay
| 0:01 | Crear | Villager (Male) |
| 0:01 | Crear | Villager (Male) |
| 0:01 | Crear | Villager (Male) |
| 0:02 | Crear | Villager (Male) |
| 0:02 | Crear | Villager (Male) |
| 0:04 | Construir | House |
| 0:07 | Construir | House |
| 1:35 | Crear | Villager (Male) |
| 1:46 | Construir | Lumber Camp |
| 1:52 | Crear | Villager (Male) |
| 2:36 | Crear | Villager (Male) |
| 2:37 | Crear | Villager (Male) |
| 2:55 | Crear | Villager (Male) |
| 2:56 | Crear | Villager (Male) |
| 3:43 | Crear | Villager (Male) |
| 3:56 | Construir | House |
| 4:01 | Construir | House |
| 4:10 | Crear | Villager (Male) |
| 4:10 | Crear | Villager (Male) |
| 4:24 | Construir | Mill |
| 4:30 | Construir | House |
| 4:39 | Crear | Villager (Male) |
| 4:39 | Crear | Villager (Male) |
| 4:40 | Crear | Villager (Male) |
| 5:26 | Crear | Villager (Male) |
| 5:26 | Crear | Villager (Male) |
| 6:17 | Crear | Villager (Male) |
| 6:17 | Crear | Villager (Male) |
| 6:19 | Investigar | Loom |
| 6:27 | Construir | Lumber Camp |
| 7:53 | Investigar | Feudal Age |
| 8:10 | Construir | Barracks |
| 8:47 | Crear | Villager (Male) |
| 8:47 | Crear | Villager (Male) |
| 10:03 | Edad | Edad Feudal |
| 10:05 | Construir | Stable |
| 10:09 | Investigar | Horse Collar |
| 10:14 | Construir | Farm |
| 10:14 | Construir | Farm |
| 10:14 | Construir | Farm |
| 10:15 | Construir | Farm |
| 10:15 | Construir | Farm |
| 10:16 | Construir | Farm |
| 10:16 | Construir | Farm |
| 10:36 | Construir | House |
| 10:48 | Crear | Villager (Male) |
| 10:49 | Crear | Villager (Male) |
| 10:49 | Crear | Villager (Male) |
| 11:03 | Construir | Blacksmith |
| 11:05 | Construir | House |
| 11:17 | Construir | Blacksmith |
| 11:18 | Crear | Scout Cavalry |
| 11:18 | Crear | Scout Cavalry |
| 11:28 | Construir | House |
| 11:33 | Crear | Villager (Male) |
| 11:47 | Construir | Farm |
| 11:48 | Construir | Farm |
| 11:56 | Crear | Scout Cavalry |
| 12:08 | Construir | Palisade Wall |
| 12:11 | Crear | Villager (Male) |
| 12:22 | Investigar | Scale Barding Armor |
| 12:25 | Crear | Villager (Male) |
| 12:30 | Construir | Farm |
| 12:31 | Construir | Farm |
| 12:54 | Construir | House |
| 12:58 | Construir | Palisade Wall |
| 13:01 | Construir | House |
| 13:10 | Construir | House |
| 13:32 | Crear | Villager (Male) |
| 13:32 | Crear | Villager (Male) |
| 13:32 | Crear | Villager (Male) |
| 14:11 | Construir | Farm |
| 14:14 | Construir | Farm |
| 14:15 | Construir | Farm |
| 14:15 | Construir | Farm |
| 14:18 | Crear | Villager (Male) |
| 14:19 | Crear | Scout Cavalry |
| 14:20 | Crear | Scout Cavalry |
| 14:20 | Crear | Scout Cavalry |
| 14:31 | Construir | Farm |
| 15:01 | Crear | Spearman |
| 15:02 | Crear | Spearman |
| 15:02 | Crear | Spearman |
| 16:01 | Crear | Militia |
| 16:16 | Crear | Spearman |
| 16:51 | Crear | Spearman |
| 17:21 | Construir | Palisade Wall |
| 17:24 | Construir | Palisade Wall |
| 17:42 | Crear | Villager (Male) |
| 17:43 | Crear | Villager (Male) |
| 18:45 | Construir | Palisade Gate |
| 19:10 | Crear | Villager (Male) |
| 19:10 | Crear | Villager (Male) |
| 19:57 | Crear | Villager (Male) |
| 19:57 | Crear | Villager (Male) |
| 20:26 | Crear | Villager (Male) |
| 20:26 | Crear | Villager (Male) |
| 20:32 | Construir | Mill |
| 20:33 | Construir | Farm |
| 20:33 | Construir | Farm |
| 20:33 | Construir | Farm |
| 20:34 | Construir | Farm |
| 20:34 | Construir | Farm |
| 20:34 | Construir | Farm |
| 20:34 | Construir | Farm |
| 20:35 | Construir | Farm |
| 20:43 | Crear | Villager (Male) |
| 20:43 | Crear | Villager (Male) |
| 21:16 | Construir | House |
| 21:18 | Construir | House |
| 21:19 | Construir | House |
| 21:20 | Construir | House |
| 21:23 | Construir | House |
| 22:07 | Crear | Villager (Male) |
| 22:10 | Construir | Mining Camp |
| 22:18 | Construir | Archery Range |
| 23:07 | Crear | Villager (Male) |
| 23:10 | Investigar | Wheelbarrow |
| 23:16 | Construir | Farm |
| 23:19 | Construir | Farm |
| 23:23 | Construir | Farm |
| 24:09 | Investigar | Town Watch |
| 24:11 | Crear | Villager (Male) |
| 24:11 | Crear | Villager (Male) |
| 24:23 | Construir | Archery Range |
| 24:30 | Construir | House |
| 24:35 | Construir | House |
| 24:41 | Construir | House |
| 25:27 | Investigar | Castle Age |
| 25:32 | Investigar | Double-Bit Axe |
| 28:07 | Edad | Edad de los Castillos |
| 28:11 | Crear | Knight |
| 28:11 | Crear | Knight |
| 28:12 | Crear | Knight |
| 28:12 | Crear | Knight |
Build order — apyrupa_NoMercy
Primeras 150 de 165 acciones detectadas
| 0:01 | Crear | Villager (Male) |
| 0:02 | Crear | Villager (Male) |
| 0:02 | Crear | Villager (Male) |
| 0:32 | Crear | Villager (Male) |
| 0:33 | Crear | Villager (Male) |
| 1:14 | Investigar | Loom |
| 1:25 | Crear | Villager (Male) |
| 1:43 | Crear | Villager (Male) |
| 1:43 | Crear | Villager (Male) |
| 2:20 | Crear | Villager (Male) |
| 2:20 | Crear | Villager (Male) |
| 2:43 | Construir | Lumber Camp |
| 3:11 | Crear | Villager (Male) |
| 3:11 | Crear | Villager (Male) |
| 3:48 | Crear | Villager (Male) |
| 3:49 | Crear | Villager (Male) |
| 4:17 | Crear | Villager (Male) |
| 4:30 | Crear | Villager (Male) |
| 4:50 | Crear | Villager (Male) |
| 5:37 | Construir | Mill |
| 5:51 | Crear | Villager (Male) |
| 6:03 | Crear | Villager (Male) |
| 6:27 | Crear | Villager (Male) |
| 6:46 | Crear | Villager (Male) |
| 7:25 | Crear | Villager (Male) |
| 7:37 | Crear | Villager (Male) |
| 8:08 | Crear | Villager (Male) |
| 8:36 | Investigar | Feudal Age |
| 9:01 | Crear | Villager (Male) |
| 10:32 | Construir | Barracks |
| 10:39 | Crear | Villager (Male) |
| 10:50 | Construir | Mining Camp |
| 10:58 | Edad | Edad Feudal |
| 11:12 | Investigar | Double-Bit Axe |
| 11:27 | Crear | Villager (Male) |
| 11:34 | Investigar | Horse Collar |
| 11:57 | Construir | Stable |
| 12:05 | Crear | Villager (Male) |
| 12:26 | Construir | Blacksmith |
| 12:30 | Crear | Villager (Male) |
| 12:43 | Construir | Farm |
| 12:45 | Construir | Farm |
| 12:48 | Construir | Farm |
| 12:51 | Crear | Villager (Male) |
| 12:55 | Investigar | Bloodlines |
| 13:04 | Crear | Scout Cavalry |
| 13:13 | Crear | Villager (Male) |
| 13:23 | Investigar | Scale Barding Armor |
| 13:32 | Construir | Farm |
| 13:35 | Construir | Farm |
| 13:39 | Crear | Villager (Male) |
| 13:44 | Crear | Scout Cavalry |
| 14:02 | Construir | Farm |
| 14:14 | Construir | Lumber Camp |
| 14:22 | Construir | Farm |
| 14:24 | Crear | Villager (Male) |
| 14:31 | Crear | Scout Cavalry |
| 14:36 | Crear | Villager (Male) |
| 14:48 | Crear | Villager (Male) |
| 14:52 | Crear | Scout Cavalry |
| 15:09 | Crear | Villager (Male) |
| 15:25 | Construir | Farm |
| 15:34 | Construir | Stable |
| 15:47 | Crear | Scout Cavalry |
| 16:02 | Crear | Villager (Male) |
| 16:16 | Construir | Farm |
| 16:20 | Construir | Farm |
| 16:22 | Construir | Farm |
| 16:25 | Construir | Farm |
| 16:27 | Construir | Farm |
| 16:29 | Construir | Farm |
| 16:53 | Crear | Villager (Male) |
| 17:01 | Crear | Villager (Male) |
| 17:20 | Construir | Lumber Camp |
| 17:30 | Construir | Farm |
| 17:32 | Construir | Farm |
| 17:34 | Construir | Farm |
| 17:36 | Construir | Farm |
| 17:41 | Crear | Villager (Male) |
| 18:50 | Crear | Villager (Male) |
| 18:51 | Crear | Villager (Male) |
| 19:09 | Construir | Farm |
| 19:10 | Construir | Farm |
| 19:12 | Construir | Farm |
| 19:13 | Construir | Farm |
| 19:15 | Construir | Farm |
| 19:22 | Crear | Villager (Male) |
| 19:42 | Construir | Stable |
| 19:48 | Investigar | Wheelbarrow |
| 20:44 | Construir | Stable |
| 20:54 | Investigar | Castle Age |
| 21:02 | Investigar | Forging |
| 21:30 | Crear | Spearman |
| 21:31 | Crear | Spearman |
| 21:49 | Construir | Farm |
| 21:59 | Investigar | Scale Mail Armor |
| 22:04 | Crear | Spearman |
| 22:34 | Crear | Villager (Male) |
| 22:48 | Crear | Spearman |
| 23:01 | Investigar | Gold Mining |
| 24:00 | Edad | Edad de los Castillos |
| 24:03 | Investigar | Husbandry |
| 24:04 | Crear | Knight |
| 24:05 | Crear | Knight |
| 24:06 | Crear | Knight |
| 24:06 | Crear | Knight |
| 24:10 | Investigar | Chain Barding Armor |
| 24:12 | Investigar | Iron Casting |
| 24:14 | Crear | Villager (Male) |
| 24:15 | Crear | Villager (Male) |
| 24:23 | Construir | Town Center |
| 24:43 | Construir | Town Center |
| 24:53 | Crear | Knight |
| 24:54 | Crear | Knight |
| 24:55 | Crear | Knight |
| 24:55 | Crear | Knight |
| 25:08 | Crear | Knight |
| 25:08 | Crear | Knight |
| 25:09 | Crear | Knight |
| 25:20 | Construir | Mining Camp |
| 25:33 | Crear | Villager (Male) |
| 25:35 | Crear | Villager (Male) |
| 25:35 | Crear | Villager (Male) |
| 25:42 | Crear | Villager (Male) |
| 25:42 | Crear | Villager (Male) |
| 25:50 | Crear | Villager (Male) |
| 25:57 | Crear | Villager (Male) |
| 25:57 | Crear | Villager (Male) |
| 26:26 | Crear | Villager (Male) |
| 26:27 | Crear | Villager (Male) |
| 26:29 | Crear | Knight |
| 26:29 | Crear | Knight |
| 27:04 | Crear | Villager (Male) |
| 27:05 | Crear | Villager (Male) |
| 27:10 | Crear | Knight |
| 27:10 | Crear | Knight |
| 27:58 | Crear | Villager (Male) |
| 27:59 | Crear | Villager (Male) |
| 27:59 | Crear | Villager (Male) |
| 28:01 | Crear | Knight |
| 28:02 | Crear | Knight |
| 28:03 | Crear | Villager (Male) |
| 28:04 | Crear | Villager (Male) |
| 28:05 | Crear | Villager (Male) |
| 28:05 | Crear | Villager (Male) |
| 28:27 | Crear | Villager (Male) |
| 28:28 | Crear | Villager (Male) |
| 28:29 | Crear | Knight |
| 28:30 | Crear | Knight |
| 28:45 | Crear | Villager (Male) |
Cronología de la partida
| 4:02 | Glandalf Legland · wall_segment Palisade Wall x1 |
| 6:41 | Glandalf Legland · wall_segment Palisade Wall x7 |
| 7:37 | apyrupa_LimaH · first_building Barracks |
| 7:39 | Glandalf Legland · wall_segment Palisade Wall x17 |
| 7:58 | Glandalf Legland · wall_segment Palisade Wall x1 |
| 8:10 | Horahlooks · first_building Barracks |
| 8:10 | [WWW] HelenaPurr · first_building Barracks |
| 8:15 | [WWW] HelenaPurr · wall_segment Palisade Wall x6 |
| 8:40 | ViRGuLiNo · first_building Barracks |
| 8:45 | apyrupa_LimaH · age_up feudal |
| 8:48 | apyrupa_LimaH · first_building Archery Range |
| 9:22 | Glandalf Legland · first_building Barracks |
| 9:37 | [WWW] HelenaPurr · age_up feudal |
| 9:40 | [WWW] HelenaPurr · first_building Archery Range |
| 9:40 | apyrupa_Veloz · first_building Barracks |
| 9:45 | ViRGuLiNo · age_up feudal |
| 9:56 | ViRGuLiNo · first_building Stable |
| 10:03 | Horahlooks · age_up feudal |
| 10:05 | Horahlooks · first_building Stable |
| 10:07 | apyrupa_Veloz · age_up feudal |
| 10:23 | Doggolog · age_up feudal |
| 10:32 | apyrupa_NoMercy · first_building Barracks |
| 10:56 | Glandalf Legland · wall_segment Palisade Wall x1 |
| 10:58 | apyrupa_NoMercy · age_up feudal |
| 10:59 | Glandalf Legland · wall_segment Palisade Wall x10 |
| 11:02 | [WWW] HelenaPurr · wall_segment Palisade Wall x13 |
| 11:02 | ViRGuLiNo · wall_segment Palisade Wall x10 |
| 11:14 | Glandalf Legland · age_up feudal |
| 11:20 | Glandalf Legland · first_building Archery Range |
| 11:57 | apyrupa_NoMercy · first_building Stable |
| 12:08 | Horahlooks · wall_segment Palisade Wall x13 |
| 12:31 | apyrupa_LimaH · wall_segment Palisade Wall x4 |
| 12:55 | [WWW] HelenaPurr · wall_segment Palisade Wall x8 |
| 12:58 | Horahlooks · wall_segment Palisade Wall x9 |
| 13:11 | [WWW] HelenaPurr · wall_segment Palisade Wall x4 |
| 13:11 | Glandalf Legland · wall_segment Palisade Wall x1 |
| 13:47 | Glandalf Legland · wall_segment Palisade Wall x1 |
| 13:52 | [WWW] HelenaPurr · wall_segment Palisade Wall x3 |
| 13:57 | apyrupa_LimaH · wall_segment Palisade Wall x12 |
| 14:00 | [WWW] HelenaPurr · wall_segment Palisade Wall x5 |
| 14:04 | [WWW] HelenaPurr · wall_segment Palisade Wall x1 |
| 14:07 | apyrupa_LimaH · wall_segment Palisade Wall x18 |
| 15:49 | apyrupa_Veloz · age_up castle |
| 16:15 | [WWW] HelenaPurr · wall_segment Palisade Wall x1 |
| 16:21 | Doggolog · first_building Barracks |
| 16:25 | [WWW] HelenaPurr · wall_segment Palisade Wall x1 |
| 16:28 | [WWW] HelenaPurr · wall_segment Palisade Wall x1 |
| 16:49 | apyrupa_Veloz · first_building Siege Workshop |
| 17:19 | Doggolog · first_building Stable |
| 17:21 | Horahlooks · wall_segment Palisade Wall x14 |
| 17:24 | Horahlooks · wall_segment Palisade Wall x17 |
| 17:34 | Doggolog · wall_segment Palisade Wall x10 |
| 17:43 | [WWW] HelenaPurr · wall_segment Stone Wall x1 |
| 17:52 | Glandalf Legland · first_building Stable |
| 17:54 | Doggolog · first_market_buy 100 food |
| 18:01 | [WWW] HelenaPurr · wall_segment Palisade Wall x1 |
| 18:02 | [WWW] HelenaPurr · wall_segment Palisade Wall x1 |
| 18:03 | [WWW] HelenaPurr · wall_segment Palisade Wall x1 |
| 20:44 | Doggolog · age_up castle |
| 20:48 | Doggolog · first_market_sell 100 wood |
| 21:45 | [WWW] HelenaPurr · wall_segment Palisade Wall x1 |
| 22:18 | Horahlooks · first_building Archery Range |
| 22:52 | Glandalf Legland · first_market_sell 100 wood |
| 22:56 | Glandalf Legland · resign |
| 23:34 | ViRGuLiNo · age_up castle |
| 23:54 | apyrupa_LimaH · age_up castle |
| 24:00 | apyrupa_NoMercy · age_up castle |
| 27:05 | [WWW] HelenaPurr · age_up castle |
| 28:07 | Horahlooks · age_up castle |
[ ANÁLISIS IA · 1 CRÉDITO ]
¿Qué pasó realmente en esta partida?
Wolo.gg analiza cada decisión: build order, eco, micro, errores típicos por bracket. Análisis personalizado por WhatsApp o Discord en 30 segundos.
Guía civ
Shu
Perfil
Jugador #11416048